 Dungeon Sprint DCSS version 0.23-a0-8-gb809bb70e4 (webtiles) character file.

592 GordonOverkill the Severer (level 7, -1/85 HPs)
             Began as a Hill Orc Berserker on Aug 1, 2018.
             Was a Believer of Trog.
             Slain by a centaur warrior (12 damage)
             ... in the Dungeon (Sprint I: "Red Sonja").
             The game lasted 00:01:40 (997 turns).

GordonOverkill the Severer (Hill Orc Berserker)      Turns: 997, Time: 00:01:41

Health: -1/85      AC:  3    Str: 27    XL:     7   Next: 39%
Magic:  7/7        EV: 11    Int:  7    God:    Trog [**....]
Gold:   147        SH:  0    Dex: 10    Spells: 6/6 levels left

rFire    . . .     SeeInvis .   a - +0 hand axe
rCold    . . .     Gourm    .   (no shield)
rNeg     . . .     Faith    .   k - +0 leather armour
rPois    .         Spirit   .   (no helmet)
rElec    .         Reflect  .   (no cloak)
rCorr    .         Harm     .   (no gloves)
MR       .....     NoTele   +   (no boots)
Stlth    ..........             (no amulet)
HPRegen  0.24/turn              (no ring)
MPRegen  0.10/turn              (no ring)

@: berserking, very quick
A: no striking features
a: Berserk, Trog's Hand, Renounce Religion


You were in the Dungeon.
You worshipped Trog.
Trog was pleased with you.
You were hungry.

You visited 1 branch You collected 297 gold pieces.
You spent 150 gold pieces at shops.

Inventory:

Hand Weapons
 a - a +0 hand axe (weapon)
Armour
 k - a +0 leather armour (worn)
Wands
 j - a wand of random effects (13)
Scrolls
 i - a scroll of blinking
 l - a scroll of identify {unknown}
Potions
 d - a potion of curing
 e - a potion of heal wounds
 f - a potion of haste
 g - 2 potions of magic
 h - a potion of berserk rage
Comestibles
 b - 3 rations


   Skills:
 + Level 3.6 Fighting
 - Level 18.6 Axes
 - Level 2.1 Armour
 - Level 1.5 Dodging
 + Level 0.0 Evocations


You had 6 spell levels left.
You didn't know any spells.
Your spell library was empty.

Dungeon Overview and Level Annotations

Branches:
Dungeon (1/1)

Altars:
Cheibriados
Dithmenos
Elyvilon
Fedhas
Gozag
Hepliaklqana
Kikubaaqudgha
Makhleb
Nemelex Xobeh
Okawaru
Qazlal
Ru
Sif Muna
Trog
Uskayaw
Vehumet
Wu Jian
Xom
Yredelemnul
Zin
The Shining One
Jiyva
Lugonu

Shops:
D %


Message History

The centaur warrior hits you! The centaur warrior hits you!
The centaur warrior unwields an uncursed shortbow.
The centaur warrior hits you! The centaur warrior hits you.
* * * LOW HITPOINT WARNING * * *
Found 13 poisoned needles, 20 stones and two daggers.
There is an open door, spattered with blood here.
A red film seems to cover your vision as you go berserk!
You feel yourself moving faster!
You feel mighty!
You are feeling hungry.
The centaur warrior hits you!
* * * LOW HITPOINT WARNING * * *
The centaur warrior hits you.
* * * LOW HITPOINT WARNING * * *
The centaur warrior completely misses you.
You hit the centaur warrior.
The centaur warrior is severely wounded.
You hit the centaur warrior. The centaur warrior misses you.
The centaur warrior hits you!
You die...

###################
#<.#..').#..'..#__#
#..'[.#..').#..'^.+
#..#####'#####'#__#
#..####..#...#.####§
#..#__####..##(#§§§§c#
#..#_____##'#_c@§§§§.+
#⌠⌠#_.∩...'..._#c≈§§§#
####_..__##_.#'##'####
#_____###+#)# (§§
####### ### ##


You could see 2 centaur warriors.

Vanquished Creatures
  A slime creature (D)
  Sigmund (D)
  A yak (D)
  An ogre (D)
  A jelly (D)
  Ijyb (D)
6 creatures vanquished.

Vanquished Creatures (others)
  3 hornets (D)
3 creatures vanquished.

Grand Total: 9 creatures vanquished

Notes
Turn   | Place    | Note
-------+----------+-------------------------------------------
     0 | D        | GordonOverkill the Hill Orc Berserker began the quest for the Orb.
     0 | D        | Reached XP level 1. HP: 19/19 MP: 1/1
     1 | D        | Noticed Ijyb
     9 | D        | Killed Ijyb
     9 | D        | Reached skill level 8 in Axes
     9 | D        | Reached XP level 2. HP: 26/26 MP: 2/2
     9 | D        | Reached XP level 3. HP: 31/31 MP: 3/3
    96 | D        | Noticed an ogre
   102 | D        | Killed an ogre
   102 | D        | Reached skill level 12 in Axes
   102 | D        | Reached XP level 4. HP: 10/39 MP: 4/4
   330 | D        | Noticed Sigmund
   345 | D        | Killed Sigmund
   345 | D        | Reached ** piety under Trog
   345 | D        | Reached skill level 15 in Axes
   345 | D        | Reached XP level 5. HP: 45/45 MP: 5/5
   345 | D        | Reached XP level 6. HP: 51/51 MP: 6/6
   420 | D        | Found a deep blue altar of Sif Muna.
   421 | D        | Found an ornate altar of the Wu Jian Council.
   422 | D        | Found a radiant altar of Vehumet.
   630 | D        | Found a viscous altar of Jiyva.
   630 | D        | Found a corrupted altar of Lugonu.
   630 | D        | Noticed a slime creature
   631 | D        | Found a burning altar of Makhleb.
   631 | D        | Found a shimmering altar of Xom.
   638 | D        | Killed a slime creature
   638 | D        | Reached skill level 17 in Axes
   638 | D        | Reached XP level 7. HP: 46/57 MP: 7/7
   775 | D        | Found Heuvovauhoh's Food Emporium.
   775 | D        | Found an ancient bone altar of Kikubaaqudgha.
   775 | D        | Found a hazy altar of Hepliaklqana.
   775 | D        | Found a stormy altar of Qazlal.
   775 | D        | Found a hide-covered altar of Uskayaw.
   775 | D        | Found a blossoming altar of Fedhas.
   775 | D        | Found a bloodstained altar of Trog.
   775 | D        | Found an iron altar of Okawaru.
   775 | D        | Found a basalt altar of Yredelemnul.
   775 | D        | Found a glowing golden altar of the Shining One.
   775 | D        | Found a snail-covered altar of Cheibriados.
   775 | D        | Found a sacrificial altar of Ru.
   775 | D        | Found a glowing silver altar of Zin.
   775 | D        | Found a shadowy altar of Dithmenos.
   775 | D        | Found a white marble altar of Elyvilon.
   775 | D        | Noticed a yak
   784 | D        | Killed a yak
   784 | D        | Reached skill level 18 in Axes
   787 | D        | Found an opulent altar of Gozag.
   788 | D        | Found a sparkling altar of Nemelex Xobeh.
   919 | D        | Killed a hornet
   921 | D        | Killed a hornet
   922 | D        | Killed a hornet
   974 | D        | Bought a ration for 50 gold pieces
   974 | D        | Bought a ration for 50 gold pieces
   974 | D        | Bought a ration for 50 gold pieces
   988 | D        | Noticed a centaur warrior
   988 | D        | Noticed a centaur warrior
   997 | D        | Slain by a centaur warrior

Vault maps used:
D:        dungeon_sprint_1

Skill      XL: |  1  2  3  4  5  6  7 |
---------------+----------------------+-----
Axes           | 8 12 15 17 18 | 18.6
Fighting       | |  3.6
Armour         | |  2.1
Dodging        | |  1.5

Action                   |  1- 3 |  4- 6 |  7- 9 || total
-------------------------+-------+-------+-------++-------
Melee: Hand axe          |    10 |    25 |    13 ||    48
Invok: Berserk           |     2 |     2 |     2 ||     6
Evoke: Wand              |       |       |     1 ||     1
  Eat: Chunk             |       |     2 |       ||     2
       Ration            |       |       |     1 ||     1
Armor: Animal skin       |     2 |       |       ||     2
       Leather armour    |       |     3 |       ||     3
Dodge: Dodged            |     2 |     4 |     4 ||    10

Table legend:
 A = Spawn XP
 B = Non-spawn XP
 C = Spawn XP percentage of total XP
 D = Spawn monster count
 E = Non-spawn monster count
 F = Spawn count percentage of total count
 G = Total turns spent on level
                    A         B        C        D         E        F      G
               +---------+---------+-------+---------+---------+-------+---------
         Total |       0 |     847 |   0.0 |       0 |       6 |   0.0 |   997
               +---------+---------+-------+---------+---------+-------+---------
             D |       0 |     847 |   0.0 |       0 |       6 |   0.0 |   997
               +---------+---------+-------+---------+---------+-------+---------
